 Dungeon Crawl Stone Soup version 0.27.1-2-g3b301248ec (webtiles) character file.

Game seed: 5720221066206722676

6 CuBeRJAN3 the Firebug (level 1, 0/11 HPs)
             Began as a Deep Elf Fire Elementalist on Oct 4, 2021.
             Killed from afar by a dart slug (4 damage)
             ... with a slug dart
             ... on level 1 of the Dungeon.
             The game lasted 00:00:54 (308 turns).

CuBeRJAN3 the Firebug (Deep Elf Fire Elementalist)   Turns: 308, Time: 00:00:55

Health: 0/11       AC:  2    Str:  5    XL:     1   Next: 75%
Magic:  2/6        EV: 12    Int: 19    God:
Gold:   43         SH:  0    Dex: 15    Spells: 5/6 levels left

rFire    . . .     SeeInvis .   (no weapon)
rCold    . . .     Faith    .   (no shield)
rNeg     . . .     Spirit   .   a - +0 robe
rPois    .         Reflect  .   (no helmet)
rElec    .         Harm     .   (no cloak)
rCorr    .         Rampage  .   (no gloves)
Will     .....                  (no boots)
Stlth    ++........             (no amulet)
HPRegen  0.03/turn              (no ring)
MPRegen  0.10/turn              (no ring)

@: very slightly contaminated
A: no striking features
a: no special abilities


You were on level 1 of the Dungeon.
You visited 1 branch of the dungeon, and saw 1 of its levels.

You collected 43 gold pieces.

Inventory:

Armour
 a - a +0 robe (worn)
Scrolls
 b - a scroll of acquirement {unknown}


   Skills:
 * Level 0.4 Fighting
 - Level 2.4 Dodging
 + Level 2.5 Stealth
 * Level 3.2 Spellcasting
 + Level 1.2 Conjurations
 + Level 3.3 Fire Magic


You had 5 spell levels left.
You knew the following spells:

 Your Spells              Type           Power      Damage    Failure   Level
a - Foxfire               Conj/Fire      44%        2x1d6     6%          1

Your spell library contained the following spells:

 Spells                   Type           Power      Damage    Failure   Level
 Conjure Flame            Conj/Fire      11%        6-21      17%         3
 Inner Flame              Hex/Fire       9%         N/A       22%         3
 Sticky Flame             Conj/Fire      11%        2d3       50%         4
 Fireball                 Conj/Fire      5%         3d5       85%         5


Dungeon Overview and Level Annotations

Branches:
Dungeon (1/15)

Altars:


Message History

The foxfire hits the quokka.
You kill the quokka!
You start resting.
Your foxfire dissipates!
You start resting.
Magic restored.
A dart slug comes into view.
Casting: Foxfire (safe; 6% risk of failure)
Press: ? - help, Q - select action Dir - look around, f - activate You conjure some foxfire!
The dart slug launches a dart at you. The slug dart hits you.
Casting: Foxfire (safe; 6% risk of failure)
Press: ? - help, Q - select action Dir - look around, f - activate You conjure some foxfire!
Your foxfire dissipates!
Casting: Foxfire (safe; 6% risk of failure)
Press: ? - help, Q - select action Dir - look around, f - activate You miscast Foxfire.
You are very lightly contaminated with residual magic.
Nothing appears to happen.
Your foxfire dissipates! x2
Casting: Foxfire (safe; 6% risk of failure)
Press: ? - help, Q - select action Dir - look around, f - activate You conjure some foxfire!
The foxfire hits the dart slug.
The dart slug is moderately wounded.
The foxfire hits the dart slug.
The dart slug is severely wounded.
The dart slug launches a dart at you. The slug dart hits you.
Casting: Foxfire (safe; 6% risk of failure)
Press: ? - help, Q - select action Dir - look around, f - activate You conjure some foxfire!
Your foxfire dissipates!
The foxfire hits the dart slug but does no damage.
The dart slug is severely wounded.
The dart slug launches a dart at you. The slug dart hits you.
You die...

#.##.## #### #.#... ..#
#.#..# # #.# #.#..#####.#
#.####
..####.w........####...).
#...................#####
..######§.....(.........#
#..###.#####.###.# #@.# #
#)# #.# #..# . #.# #.#
###..# #.#####.# #.#
######....###.......# #.#
#....†..........###.# #.#
#.####........#.# #.# #.#
#.# ###..###.#.# #.# #.#
#.######..# #.#.###.###.#
#.........###...........#


You could see a dart slug.

Vanquished Creatures
  A dart slug (D:1)
  A goblin (D:1)
  A quokka (D:1)
  A frilled lizard (D:1)
4 creatures vanquished.

Vanquished Creatures (others)
  14 foxfires (D:1)
14 creatures vanquished.

Grand Total: 18 creatures vanquished

Notes
Turn   | Place    | Note
-------+----------+-------------------------------------------
     0 | D:1      | CuBeRJAN3 the Deep Elf Fire Elementalist began the quest
                  | for the Orb.
     0 | D:1      | Reached XP level 1. HP: 10/10 MP: 6/6
   308 | D:1      | Killed from afar by a dart slug

Illustrated notes

Levels and vault maps discovered:
D:1:      lightli_arrival_maybe_door_vault, layout_loops_ring

Action                   || total
-------------------------++-------
Melee: Unarmed           ||     1
 Cast: Foxfire           ||    12
Dodge: Dodged            ||     1
